 Dungeon Crawl Stone Soup version 0.17-a0-1831-gaadb308 (webtiles) character file.

1565 4thArraOfDagon the Cudgeler (level 8, -6/99 HPs)
             Began as a Centaur Berserker on Sept 14, 2015.
             Was a Follower of Trog.
             Shot with a poisoned arrow by a centaur (10 damage)
             ... on level 11 of the Dungeon.
             The game lasted 00:10:15 (1974 turns).

4thArraOfDagon the Cudgeler (Centaur Berserker)     Turns: 1974, Time: 00:10:15

Health: -6/99      AC:  7    Str: 32    XL:     8   Next: 59%
Magic:  8/8        EV: 10    Int:  6    God:    Trog [*.....]
Gold:   77         SH:  0    Dex:  8    Spells: 0 memorised, 7 levels left

rFire  x . .     SeeInvis .     t - +5 dire flail "Kiby" {pain, rF- Str+4 Stlth+}
rCold  . . .     Clarity  +     h - +0 ring mail
rNeg   . . .     SustAt   .     (no shield)
rPois  .         Gourm    .     (no helmet)
rElec  .         Spirit   .     s - +0 cloak
rCorr  .         Warding  .     (no gloves)
rMut   .         Stasis   .     (no barding)
MR     +....                    q - amulet of clarity
Stlth  ..........               (no ring)
                                f - ring of Law {+Inv MR+}

@: berserking, lethally poisoned (-6 -> -23), very slightly contaminated,
hasted, very quick, somewhat resistant to hostile enchantments, extremely
unstealthy
A: hooves 3, deformed body, speed 2, tough skin 3
a: Burn Spellbooks, Berserk, Renounce Religion, Evoke Invisibility


You were on level 11 of the Dungeon.
You worshipped Trog.
Trog was aware of your devotion.
You were not hungry.

You visited 1 branch of the dungeon, and saw 11 of its levels.
You also visited: Ossuary.

You collected 269 gold pieces.
You spent 192 gold pieces at shops.

Inventory:

Hand weapons
 a - a +0 spear
 b - a +0 blowgun
 e - a +0 trident
 t - the +5 dire flail "Kiby" (weapon) {pain, rF- Str+4 Stlth+}
   (You found it on level 7 of the Dungeon)

   In the hands of one skilled in necromantic magic, it inflicts extra damage on
   living creatures.
   It affects your strength (+4).
   It makes you vulnerable to fire.
   It makes you more stealthy.
Armour
 h - a +0 ring mail (worn)
 s - a +0 cloak (worn)
 v - a +2 robe of positive energy
Jewellery
 f - the ring of Law (left hand) {+Inv MR+}
   (You bought it in a shop on level 8 of the Dungeon)

   [ring of invisibility]

   It affects your resistance to hostile enchantments.
   It lets you turn invisible.
 q - an amulet of clarity (around neck)
Magical devices
 u - a wand of magic darts (28)
 A - a wand of polymorph (24)
Potions
 c - a potion of heal wounds {unknown}
 i - 2 potions of curing
 j - a potion of brilliance {unknown}
 l - a potion of berserk rage
 o - a potion of cure mutation
 p - a potion of flight {unknown}
 r - 3 potions of lignification {unknown}
Books
 y - a book of Burglary

   Spells                             Type                      Level
   a - Swiftness                      Charms/Air                   2
   b - Passwall                       Transmutation/Earth          3
   c - Passage of Golubria            Translocation                4
   d - Lee's Rapid Deconstruction     Earth                        5
   e - Darkness                       Hexes                        6
   f - Invisibility                   Hexes                        6
   Trog disapproves of the use of such an item.
Miscellaneous
 B - a phantom mirror


   Skills:
 - Level 4.0 Fighting
 * Level 5.5 Maces & Flails
 - Level 4.4 Polearms
 + Level 4.2 Armour
 + Level 4.0 Dodging


You had 7 spell levels left.
You didn't know any spells.

Dungeon Overview and Level Annotations

Branches:
Dungeon (11/15)            Temple (0/1) D:4
   Lair: D:8-11         Orc: D:9-12

Altars:
Qazlal
Trog
Yredelemnul

Shops:
D:8 **:   D:9 !

Annotations:
D:7 Pikel


Innate Abilities, Weirdness & Mutations

You have hooves in place of feet.
Armour fits poorly on your strangely shaped body.
You cover ground very quickly.
You have extremely tough skin (AC +3).


Message History

* * * LOW HITPOINT WARNING * * *
The centaur shoots a poisoned arrow.
The poisoned arrow hits you!
* * * LOW HITPOINT WARNING * * *
You are lethally poisoned!
A centaur comes into view.
Unknown command.
* * * LOW HITPOINT WARNING * * *
You feel sick.
The centaur shouts!
A centaur comes into view.
Unknown command.
Unknown command.
You miss something.
* * * LOW HITPOINT WARNING * * *
You feel sick.
The centaur shouts!
Something hits you.
* * * LOW HITPOINT WARNING * * *
The centaur shoots a poisoned arrow.
The poisoned arrow hits you!
You die...

#c#
#.########
#cc.......
#.........
#.........
#.........
#..r......
#<@)......
#.(oo.....
##########


You could see 3 centaurs, an orc wizard, an orc and a quokka.

Vanquished Creatures
  Prince Ribbit (D:8)
  A hungry ghost (D:10)
  Menkaure (D:6)
  A water moccasin (D:7)
  A black bear (D:9)
  A centaur (D:9)
  2 ice beasts
  A big kobold (D:9)
  Blork the orc (D:6)
  A giant frog (D:9)
  2 scorpions
  A giant frog zombie (D:6)
  An orc priest (D:11)
  2 iguanas (D:9)
  A worker ant (D:9)
  2 big kobold zombies (Ossuary)
  A hound zombie (D:8)
  A hound skeleton (D:9)
  2 mummies (Ossuary)
  3 gnolls (D:5)
  3 adders
  A shadow imp (D:8)
  An ooze (D:2)
  7 adder zombies
  An orc (D:5)
  3 gnoll zombies (Ossuary)
  3 goblins
  A hobgoblin (D:1)
  A giant cockroach (D:5)
  A giant cockroach zombie (D:5)
  A giant newt (D:6)
  7 hobgoblin zombies (Ossuary)
  2 jackal skeletons
  5 kobolds (D:9)
  6 kobold zombies (Ossuary)
  6 orc zombies (Ossuary)
  3 rats
  2 rat zombies (D:5)
81 creatures vanquished.

Notes
Turn   | Place    | Note
--------------------------------------------------------------
     0 | D:1      | 4thArraOfDagon the Centaur Berserker began the quest for the Orb.
     0 | D:1      | Reached XP level 1. HP: 19/19 MP: 1/1
   129 | D:2      | Reached XP level 2. HP: 26/26 MP: 2/2
   263 | D:4      | Found a staircase to the Ecumenical Temple.
   333 | D:5      | Entered Level 5 of the Dungeon
   360 | D:5      | Found a sand-covered staircase.
   367 | Ossuary  | Entered an ossuary
   398 | Ossuary  | Reached XP level 3. HP: 30/31 MP: 3/3
   559 | Ossuary  | Reached XP level 4. HP: 18/38 MP: 4/4
   669 | Ossuary  | ROTFL
   739 | D:5      | Reached XP level 5. HP: 18/45 MP: 5/5
   868 | D:5      | Noticed an ice beast
   882 | D:5      | Killed an ice beast
   882 | D:5      | Reached skill level 4 in Polearms
  1033 | D:7      | Noticed a water moccasin
  1039 | D:7      | Killed a water moccasin
  1039 | D:7      | Reached XP level 6. HP: 52/52 MP: 6/6
  1062 | D:7      | Got a steaming dire flail
  1063 | D:7      | Identified the +5 dire flail "Kiby" {pain, rF- Str+4 Stlth+} (You found it on level 7 of the Dungeon)
  1064 | D:7      | :./
  1095 | D:6      | Noticed Menkaure
  1114 | D:6      | Noticed Blork the orc
  1116 | D:6      | Killed Menkaure
  1116 | D:6      | Reached skill level 1 in Maces & Flails
  1124 | D:6      | Killed Blork the orc
  1124 | D:6      | Reached XP level 7. HP: 37/59 MP: 7/7
  1156 | D:5      | Found a stormy altar of Qazlal.
  1236 | D:7      | Noticed a slave
  1236 | D:7      | Noticed a slave
  1237 | D:7      | Noticed a slave
  1237 | D:7      | Noticed Pikel
  1567 | D:8      | Found a basalt altar of Yredelemnul.
  1567 | D:8      | Noticed Prince Ribbit
  1572 | D:8      | Killed Prince Ribbit
  1572 | D:8      | Reached XP level 8. HP: 66/66 MP: 8/8
  1589 | D:8      | Found Dylaaty's Book Emporium.
  1591 | D:8      | Found Fiudugh's Assorted Antiques.
  1597 | D:8      | Found Diciw's Assorted Antiques.
  1613 | D:8      | Bought a glittering lapis lazuli ring for 160 gold pieces
  1613 | D:8      | Bought a scroll labeled GAMASSU KOCENA for 32 gold pieces
  1613 | D:8      | Identified the ring of Law {+Inv MR+} (You bought it in a shop on level 8 of the Dungeon)
  1677 | D:9      | Found a bloodstained altar of Trog.
  1695 | D:9      | Acquired Trog's second power
  1741 | D:9      | Reached skill level 5 in Maces & Flails
  1760 | D:9      | Found Foem's Distillery.
  1859 | D:10     | Entered Level 10 of the Dungeon
  1935 | D:10     | :(
  1974 | D:11     | HP: 4/99 [something (3)]
  1974 | D:11     | Shot with a poisoned arrow by a centaur

Vault maps used:
D:1:      matt_arrival_spirals, hangedman_decor_riveting
D:2:      vehumet_crystals, first_bread, interstate_on_off,
          uniq_crazy_yiuf_cottage
D:3:      grunt_decor_cap, kennysheep_generic_room_6, uniq_natasha
D:4:      minmay_temple_entry_grid, serial_bayou, serial_bayou_lagoon_a,
          serial_bayou_shore_a, serial_bayou_shore_b, serial_bayou_pond_d
D:5:      cheibrodos_ashenzari_chains, minitemple,
          nicolae_overflow_hidden_temple, enter_ossuary_4
D:6:      uniq_blork_the_orc, uniq_menkaure
D:7:      kennysheep_mini, minmay_misc_feat_nine_boxes, grunt_ogre_cave,
          uniq_pikel
D:8:      yredelemnul_altar_generic, serial_shops, shop, shop, shop,
          uniq_prince_ribbit1
D:9:      kennysheep_mini_moat, serial_shops, nicolae_shop_behind_doors
D:10:     grunt_lair_entry_elf_guard_hut, uniq_maurice
D:11:     david_orc_3, minmay_brainsmasher
Ossuary:  ossuary_tomb_2

Action                   |  1- 3 |  4- 6 |  7- 9 || total
-------------------------+-------+-------+-------++-------
Melee: Spear             |   147 |    26 |       ||   173
       Trident           |       |    19 |       ||    19
       Dire flail        |       |    12 |    80 ||    92
Invok: Berserk           |     2 |     5 |     7 ||    14
       Trog's Hand       |       |       |     3 ||     3
  Use: Potion            |     1 |       |     5 ||     6
       Scroll            |       |     3 |     6 ||     9
  Eat: Bread ration      |       |     1 |       ||     1
       Chunk             |       |     2 |     9 ||    11
       Beef jerky        |       |       |     1 ||     1
       Meat ration       |       |       |     1 ||     1
